 Dungeon Crawl Stone Soup version 0.23-a0-54-gae6112e (webtiles) character file.

9601 Amnesiac the Destroyer (level 11, -8/68 HPs)
             Began as a Mummy Conjurer on Aug 8, 2018.
             Was a High Priest of Dithmenos.
             Killed from afar by a manticore (15 damage)
             ... with a volley of spikes
             ... on level 11 of the Dungeon.
             The game lasted 00:21:03 (9867 turns).

Amnesiac the Destroyer (Mummy Conjurer)             Turns: 9867, Time: 00:21:04

Health: -8/68      AC: 12    Str: 16    XL:     11   Next: 25%
Magic:  8/26       EV: 15    Int: 17    God:    Dithmenos [*****.]
Gold:   532        SH:  5    Dex: 12    Spells: 14/32 levels left

rFire    + . .     SeeInvis .   c - +4 long sword "Lototiv" {flame, +Blink rF+}
rCold    + . .     Gourm    .   a - +0 buckler
rNeg     + + +     Faith    .   s - +4 robe of Bosetao {*Slow rF+ Regen+}
rPois    ∞         Spirit   .   r - +1 helmet
rElec    .         Reflect  .   i - +0 cloak
rCorr    .         Harm     .   p - +1 pair of gloves {Str+3}
MR       +....                  h - +0 pair of boots
Stlth    ++........             (no amulet)
HPRegen  0.61/turn              k - +1 ring of evasion
MPRegen  0.20/turn              f - +2 ring of slaying

@: barbed spikes, wreathed by umbra
A: no food or potions, fire vulnerability, cold resistance 1, negative energy
resistance 3, torment resistance, unbreathing
a: Shadow Step, Shadow Form, Renounce Religion, Evoke Blink


You were on level 11 of the Dungeon.
You worshipped Dithmenos.
Dithmenos was extremely pleased with you.
You were not hungry.

You visited 2 branches of the dungeon, and saw 12 of its levels.
You also visited: Sewer.

You collected 532 gold pieces.

Inventory:

Hand Weapons
 c - the +4 long sword "Lototiv" (weapon) {flame, +Blink rF+}
   (You found it on level 5 of the Dungeon)

   It has been specially enchanted to burn those struck by it, causing extra
   injury to most foes and up to half again as much damage against particularly
   susceptible opponents.
   Big, fiery blades are also staple armaments of hydra-hunters.
   It protects you from fire.
   It lets you blink.
 g - a +1 falchion
Armour
 a - a +0 buckler (worn)
 h - a +0 pair of boots (worn)
 i - a +0 cloak (worn)
 p - a +1 pair of gloves of strength (worn)
 r - a +1 helmet (worn)
 s - the +4 robe of Bosetao (worn) {*Slow rF+ Regen+}
   (You took it off an orc on level 5 of the Dungeon)

   It protects you from fire.
   It increases your rate of regeneration.
   It may slow you when you take damage.
 z - a +0 troll leather armour
Jewellery
 d - an uncursed ring of resist corrosion
 f - a +2 ring of slaying (right hand)
 k - a +1 ring of evasion (left hand)
Wands
 b - a wand of iceblast (15)
 t - a wand of disintegration (10)
 v - a wand of acid (7)
 w - a wand of polymorph (13)
 y - a wand of random effects (20)
Scrolls
 e - 5 scrolls of remove curse {!r}
 j - a scroll of blinking {!r}
 l - 2 scrolls of fear {!r}
 m - 5 scrolls of enchant weapon {!r}
 n - 3 scrolls of enchant armour {!r}
 o - 3 scrolls of magic mapping {!r}
 q - 4 scrolls of teleportation {!r}
 u - 2 scrolls of amnesia {!r}
 x - 3 scrolls of identify {!r}


   Skills:
 + Level 5.4 Dodging
 - Level 1.5 Stealth
 - Level 4.0 Shields
 - Level 11.2 Spellcasting
 - Level 11.2 Conjurations


You had 14 spell levels left.
You knew the following spells:

 Your Spells              Type           Power        Failure   Level  Hunger
a - Iskenderun's Mystic   Conj           #####...     1%          4    N/A
b - Magic Dart            Conj           ####         1%          1    N/A
c - Dazzling Spray        Conj/Hex       ####..       2%          3    N/A
d - Searing Ray           Conj           #####.       1%          2    N/A
e - Force Lance           Conj/Tloc      ####....     8%          4    N/A
q - Fulminant Prism       Conj/Hex       ####......   8%          4    N/A

Your spell library contained the following spells:

 Spells                   Type           Power        Failure   Level  Hunger
 Cause Fear               Hex            #.........   58%         4    N/A
 Slow                     Hex            #.......     12%         2    N/A
 Confuse                  Hex            #.......     22%         3    N/A
 Throw Frost              Conj/Ice       ####..       1%          2    N/A
 Summon Small Mammal      Summ           #...         8%          1    N/A
 Freeze                   Ice            #...         8%          1    N/A
 Summon Ice Beast         Ice/Summ       #.......     58%         4    N/A
 Ozocubu's Armour         Chrm/Ice       #.......     22%         3    N/A
 Call Imp                 Summ           #.......     12%         2    N/A
 Spider Form              Tmut/Pois      #.........   22%         3    N/A
 Blade Hands              Tmut           #.........   91%         5    N/A
 Ice Form                 Ice/Tmut       #.......     58%         4    N/A
 Throw Icicle             Conj/Ice       ####....     8%          4    N/A
 Confusing Touch          Hex            #.....       8%          1    N/A
 Sticks to Snakes         Tmut           #.......     12%         2    N/A
 Call Canine Familiar     Summ           #.......     22%         3    N/A
 Metabolic Englaciation   Hex/Ice        #.........   91%         5    N/A
 Corona                   Hex            #......      8%          1    N/A
 Portal Projectile        Hex/Tloc       #.....       22%         3    N/A
 Petrify                  Tmut/Erth      #.......     58%         4    N/A
 Leda's Liquefaction      Hex/Erth       #.........   58%         4    N/A
 Inner Flame              Hex/Fire       #.......     22%         3    N/A
 Beastly Appendage        Tmut           #.....       8%          1    N/A
 Summon Lightning Spire   Summ/Air       #.......     58%         4    N/A
 Summon Guardian Golem    Hex/Summ       #.......     22%         3    N/A
 Gell's Gravitas          Tloc           #.........   22%         3    N/A
 Yara's Violent Unravell  Hex/Tmut       #.........   91%         5    N/A

Dungeon Overview and Level Annotations

Branches:
Dungeon (11/15)            Temple (1/1) D:6            Lair (0/6) D:9
    Orc (0/2) D:11

Altars:
Ashenzari
Cheibriados
Dithmenos
Elyvilon
Fedhas
Gozag
Hepliaklqana
Kikubaaqudgha
Makhleb
Nemelex Xobeh
Okawaru
Qazlal
Ru
Sif Muna
Trog
Uskayaw
Vehumet
Wu Jian
Xom
Yredelemnul
Zin
The Shining One

Shops:
D:8 }   D:10 (

Annotations:
D:5 exclusion: door
D:8 exclusion: downstairs


Innate Abilities, Weirdness & Mutations

You do not eat or drink.
Your flesh is vulnerable to fire.
You are immune to poison.
Your flesh is cold resistant. (rC+)
You are immune to negative energy. (rN+++)
You are immune to unholy pain and torment.
You can survive without breathing.


Message History

No target in view!
An orc comes into view. It is wielding a war axe.
An orc is nearby!
An orc is nearby!
An orc is nearby!
Casting: Iskenderun's Mystic Blast (safe; 1% risk of failure)
Confirm with . or Enter, or press ? or * to list all spells.
You don't have enough magic to cast that spell.
The orc shouts!
A skeletal warrior comes into view. It is wielding a halberd.
Found a slimy robe.
Casting: Iskenderun's Mystic Blast (safe; 1% risk of failure)
Confirm with . or Enter, or press ? or * to list all spells.
You don't have enough magic to cast that spell.
A phantasmal warrior comes into view.
A freezing wraith comes into view.
A death knight comes into view.
It is wielding an enchanted great sword.
Casting: Iskenderun's Mystic Blast (safe; 1% risk of failure)
Confirm with . or Enter, or press ? or * to list all spells.
You don't have enough magic to cast that spell.
A skeletal warrior comes into view. It is wielding a hand axe.
The orc misses you.
You riposte.
You barely miss the orc.
The skeletal warrior moves out of view.
The phantasmal warrior blinks!
The death knight shouts!
You block the phantasmal warrior's attack.
The death knight offers itself to Yredelemnul, and fills with unholy energy.
There is an open door here.
Things that are here:
a scimitar; a plate armour The phantasmal warrior blinks!
The phantasmal warrior blinks!
The phantasmal warrior closely misses you.
The phantasmal warrior hits you!!
The phantasmal warrior blinks!
The phantasmal warrior blinks!
You closely miss the phantasmal warrior.
The phantasmal warrior hits you! The phantasmal warrior hits you!!
* * * LOW HITPOINT WARNING * * *
You emit a cloud of dark smoke.
The phantasmal warrior blinks!
Really read
q - 5 scrolls of teleportation {!r}?
As you read the scroll of teleportation {!r}, it crumbles to dust.
You feel strangely unstable.
The death knight shouts!
Your surroundings suddenly seem different.
An orc wizard comes into view. It is wielding a dagger of venom.
The orc wizard shouts!
An orc comes into view.
The orc shouts!
An orc warrior comes into view. It is wielding a long sword.
The orc warrior shouts!
An orc comes into view. It is wielding a mace.
The orc shouts!
An orc warrior comes into view. It is wielding a mace.
The orc warrior shouts!
You hear a shout!
You hear a bark! x3
A scorpion comes into view.
An orc priest comes into view. It is wielding a dagger.
An orc priest comes into view. It is wielding a war axe.
An orc comes into view. It is wielding a hand axe.
A manticore comes into view.
The manticore flicks its tail.
The volley of spikes hits you!
The barbed spikes become lodged in your body.
You die...

..... . ..
...... .... ..
... .....# ....
.. ....
#....##... ..
....##.........
..
...............
#.
#.............
#.
##....)........
.
......o@.h.....
..............o
#...........>..
#..[......o.o..
....H......oo..
...........###o
...!...s..og
............o


You could see a manticore, 2 orc warriors, a black bear, a scorpion, 2 orc
priests, an orc wizard, 4 orcs and a hobgoblin (wandering).

Vanquished Creatures
  A hydra (D:9)
  An ugly thing (D:10)
  The ghost of poirepourri the Basher, a novice GrFi (D:5)
  A queen bee (D:8)
  3 trolls
  2 wyverns
  6 yaks (D:9)
  Menkaure (D:4)
  Edmund (D:6)
  A black bear (D:9)
  5 ice beasts
  4 orc warriors
  An eye of draining (D:9)
  3 sky beasts
  A phantom (D:5)
  5 ogres
  5 centaurs
  2 big kobolds
  11 bullfrogs
  A gnoll sergeant (D:10)
  5 scorpions
  19 killer bees
  3 wights
  3 howler monkeys
  3 crimson imps
  3 orc priests
  2 quasits
  2 bullfrog zombies
  11 orc wizards
  Crazy Yiuf (D:6)
  5 jellies
  4 hounds
  A centaur skeleton (D:7)
  6 iguanas
  9 worker ants
  A worker ant zombie (D:8)
  9 adders
  13 gnolls
  A howler monkey skeleton (D:5)
  A river rat (Sewer)
  A shadow imp (D:9)
  5 oozes
  An adder zombie (D:7)
  5 worms
  3 dart slugs
  4 leopard geckos
  31 orcs
  6 ball pythons
  8 giant cockroaches
  6 hobgoblins
  12 jackals
  21 kobolds
  5 quokkas
  2 bats (D:2)
  9 frilled lizards
  6 goblins
  A quokka skeleton (D:4)
  9 rats
293 creatures vanquished.

Vanquished Creatures (others)
  2 orc warriors (D:11)
  A jackal (D:11)
3 creatures vanquished.

Grand Total: 296 creatures vanquished

Notes
Turn   | Place    | Note
-------+----------+-------------------------------------------
     0 | D:1      | Amnesiac the Mummy Conjurer began the quest for the Orb.
     0 | D:1      | Reached XP level 1. HP: 13/13 MP: 4/4
   191 | D:2      | Reached XP level 2. HP: 18/19 MP: 1/6
   204 | D:2      | Learned a level 2 spell: Searing Ray
   255 | D:3      | Noticed a crimson imp
   722 | D:3      | Reached XP level 3. HP: 23/24 MP: 4/8
   794 | D:4      | Noticed Menkaure
   803 | D:4      | Killed Menkaure
   803 | D:4      | Reached XP level 4. HP: 26/30 MP: 1/10
   803 | D:4      | Reached XP level 5. HP: 30/35 MP: 1/11
   809 | D:4      | Learned a level 4 spell: Iskenderun's Mystic Blast
   843 | D:5      | Entered Level 5 of the Dungeon
   852 | D:5      | Noticed a phantom
   897 | D:5      | Got a blackened long sword
   900 | D:5      | Identified the +4 long sword "Lototiv" {flame, +Blink rF+} (You found it on level 5 of the Dungeon)
  1058 | D:5      | Noticed an ogre
  1152 | D:5      | Killed a phantom
  1152 | D:5      | Reached skill level 5 in Spellcasting
  1152 | D:5      | Reached skill level 5 in Conjurations
  1184 | D:5      | Killed an ogre
  1184 | D:5      | Reached XP level 6. HP: 33/41 MP: 5/14
  1194 | D:5      | Learned a level 3 spell: Dazzling Spray
  1199 | D:5      | Learned a level 4 spell: Fulminant Prism
  1340 | D:4      | Noticed a sky beast
  1350 | D:4      | Killed a sky beast
  1363 | D:4      | Reached XP level 7. HP: 23/46 MP: 2/15
  1376 | D:4      | Found a glowing drain.
  1391 | Sewer    | Entered a sewer
  1903 | D:4      | Learned a level 4 spell: Force Lance
  1917 | D:4      | Learned a level 1 spell: Magic Dart
  2792 | D:5      | Found a runed gate.
  2792 | D:5      | Found a runed gate.
  2793 | D:5      | Found a runed gate.
  2793 | D:5      | Noticed poirepourri's ghost (novice GrFi)
  2815 | D:6      | Found a staircase to the Ecumenical Temple.
  2846 | Temple   | Entered the Ecumenical Temple
  3121 | Temple   | Became a worshipper of Dithmenos the Shadowed
  3702 | D:2      | Reached XP level 8. HP: 49/52 MP: 2/18
  3727 | D:2      | Reached * piety under Dithmenos
  4596 | D:5      | Found a deep blue altar of Sif Muna.
  4665 | D:5      | Got a ripped robe
  5087 | D:5      | Identified the +4 robe of Bosetao {*Slow rF+ Regen+} (You took it off an orc on level 5 of the Dungeon)
  5142 | D:5      | Killed poirepourri's ghost
  5191 | D:6      | HP: 2/52 [centaur (4)]
  5289 | D:6      | Noticed Edmund
  5303 | D:6      | Killed Edmund
  5310 | D:6      | Reached skill level 1 in Shields
  5369 | D:6      | Reached ** piety under Dithmenos
  5593 | D:6      | Reached XP level 9. HP: 57/57 MP: 2/21
  5709 | D:6      | Found a runed door.
  5713 | D:6      | Noticed Crazy Yiuf
  5717 | D:6      | Killed Crazy Yiuf
  6449 | D:7      | You fall through a shaft!
  6626 | D:8      | Found Qarr's Gadget Shop.
  6630 | D:8      | Reached *** piety under Dithmenos
  6831 | D:8      | Noticed a queen bee
  6866 | D:8      | Killed a queen bee
  6922 | D:8      | Reached XP level 10. HP: 60/63 MP: 0/23
  7053 | D:8      | Reached skill level 10 in Spellcasting
  7053 | D:8      | Reached skill level 10 in Conjurations
  7128 | D:9      | Noticed a four-headed hydra
  7346 | D:9      | Reached **** piety under Dithmenos
  7515 | D:9      | Killed a four-headed hydra
  7837 | D:9      | Found a staircase to the Lair.
  8302 | D:10     | Entered Level 10 of the Dungeon
  8376 | D:10     | Found Benargh's Antique Weapon Shoppe.
  8699 | D:10     | Reached XP level 11. HP: 63/68 MP: 4/26
  8700 | D:10     | Reached ***** piety under Dithmenos
  9336 | D:11     | Noticed a white ugly thing
  9367 | D:10     | Killed a white ugly thing
  9579 | D:11     | Reached skill level 5 in Dodging
  9764 | D:11     | Found a shimmering altar of Xom.
  9838 | D:11     | Noticed a skeletal warrior
  9839 | D:11     | Noticed a phantasmal warrior
  9839 | D:11     | Noticed a death knight
  9840 | D:11     | Noticed a skeletal warrior
  9860 | D:11     | HP: 3/68 [phantasmal warrior[a death knight] (32)]
  9867 | D:11     | Found a staircase to the Orcish Mines.
  9867 | D:11     | Killed from afar by a manticore

Vault maps used:
D:1:      saegor_arrival_simple_a
D:2:      first_ration
D:4:      cheibrodos_sewer_entry_bend, uniq_menkaure
D:5:      corexii_shack_village, lemuel_blue_sif_altar,
          ebering_ghost_rock_garden, nicolae_zen_rock_garden
D:6:      minmay_temple_entry_grid, uniq_edmund, uniq_crazy_yiuf_cottage
D:8:      serial_shops, shop, david_nohive_1
D:9:      lair_entry_dummy, eino_curves_04, minmay_misc_feat_cross
D:10:     serial_shops, shop, serial_column_ruins, column_ruins_open_medium,
          column_ruins_open_small, column_ruins_corridor_dead_end,
          column_ruins_columns_straight
D:11:     erik_orc_4, xom_confusion_cloud
Temple:   roderic_octagonal_lattice_temple
Sewer:    sewer_co_cracked_pipes

Skill      XL: |  1  2  3  4  5  6  7  8  9 10 11 |
---------------+----------------------------------+-----
Spellcasting   | 3 4 5 7 8 9 11 | 11.2
Conjurations   | 4 5 7 8 9 11 | 11.2
Shields        | 1 3 4 |  4.0
Dodging        | 3 5 |  5.4
Stealth        | |  1.5

Action                   |  1- 3 |  4- 6 |  7- 9 | 10-12 || total
-------------------------+-------+-------+-------+-------++-------
Melee: Unarmed           |     1 |       |       |       ||     1
       Falchion          |       |     4 |       |       ||     4
       Long sword        |       |    10 |   198 |   124 ||   332
 Cast: Magic Dart        |    22 |     9 |     5 |       ||    36
       Searing Ray       |     4 |    10 |    19 |       ||    33
       Iskenderun's Myst |       |       |   102 |   123 ||   225
Evoke: Wand              |       |       |     8 |     4 ||    12
  Use: Scroll            |     1 |     2 |     9 |     4 ||    16
Armor: Robe              |     5 |     2 |   103 |    60 ||   170
Dodge: Dodged            |    10 |    13 |   277 |   147 ||   447
Block: Buckler           |       |       |    36 |    53 ||    89
       Rpst.: Long sword |       |     5 |    68 |    37 ||   110
       Falchion          |       |     1 |       |       ||     1

Table legend:
 A = Spawn XP
 B = Non-spawn XP
 C = Spawn XP percentage of total XP
 D = Spawn monster count
 E = Non-spawn monster count
 F = Spawn count percentage of total count
 G = Total turns spent on level
                    A         B        C        D         E        F      G
               +---------+---------+-------+---------+---------+-------+---------
         Total |       0 |   13716 |   0.0 |       0 |     293 |   0.0 |  9867
               +---------+---------+-------+---------+---------+-------+---------
           D:1 |       0 |      66 |   0.0 |       0 |       9 |   0.0 |   489
           D:2 |       0 |      71 |   0.0 |       0 |      28 |   0.0 |   769
           D:3 |       0 |      55 |   0.0 |       0 |      15 |   0.0 |   822
           D:4 |       0 |     647 |   0.0 |       0 |      26 |   0.0 |  1027
           D:5 |       0 |     875 |   0.0 |       0 |      25 |   0.0 |  1358
           D:6 |       0 |    1387 |   0.0 |       0 |      24 |   0.0 |   892
           D:7 |       0 |     820 |   0.0 |       0 |      27 |   0.0 |   543
           D:8 |       0 |    2139 |   0.0 |       0 |      27 |   0.0 |   623
           D:9 |       0 |    3850 |   0.0 |       0 |      36 |   0.0 |  1108
          D:10 |       0 |    2363 |   0.0 |       0 |      36 |   0.0 |  1279
          D:11 |       0 |    1403 |   0.0 |       0 |      26 |   0.0 |   286
         Sewer |       0 |      40 |   0.0 |       0 |      14 |   0.0 |   377
               +---------+---------+-------+---------+---------+-------+---------
